Map: Dämmertürme

Players

IIIIIIIIIIII - Winner!

  • Race: Zerg Zerg
  • League: Grandmaster

Tom

  • Race: Terran Terran
  • League: Grandmaster

VOD

Have the link to the VOD?

Description

Time

  • Played on: Dec. 9, 2015, 11:14 a.m.
  • Length: 22:08
Show
View Real Time Build Order
Export as new Build Order

IIIIIIIIIIII Zerg - Winner!

Build Orders: Hatch First 

Get SALT Encoding   

  12  0:02  Drone  
  13  0:12  Overlord  
  13  0:18  Drone  
  14  0:31  Drone x2  
  16  0:38  Drone  
  17  0:55  Hatchery  
  16  0:58  Drone  
  16  0:59  Drone  
  16  1:03  Extractor  
  17  1:08  Drone  
  18  1:20  Spawning Pool  
  18  1:21  Drone  
  18  1:29  Drone  
  19  1:39  Overlord  
  19  2:07  Queen x2  
  24  2:08  Metabolic Boost, Zergling x4  
  24  2:13  Drone x2  
  27  2:19  Drone  
  27  2:22  Drone  
  30  2:30  Drone  
  30  2:35  Drone  
  31  2:43  Overlord, Queen  
  33  2:48  Drone  
  34  2:57  Drone x2  
  36  3:05  Overlord  
  36  3:16  Drone x2  
  36  3:17  Drone x3  
  36  3:18  Drone  
  42  3:20  Drone  
  42  3:21  Hatchery  
  42  3:22  Drone  
  43  3:30  Roach Warren, Drone  
  43  3:36  Drone x2  
  43  3:37  Drone  
  43  3:40  Drone  
  47  3:48  Overlord  
  46  3:49  Drone x3  
  49  3:57  Drone x2, Extractor  
  49  3:58  Overlord, Extractor  
  49  4:00  Drone  
  50  4:05  Drone  
  50  4:09  Overlord  
  51  4:27  Drone x2  
  51  4:28  Evolution Chamber, Roach x5  
  51  4:29  Evolution Chamber, Roach  
  63  4:38  Overlord  
  63  4:41  Drone  
  63  4:42  Drone x2  
  66  4:45  Spore Crawler  
  66  4:46  Spore Crawler  
  66  4:47  Spore Crawler  
  66  4:49  Drone  
  66  4:51  Drone x4  
  68  4:55  Drone x3  
  71  5:00  Zerg Missile Weapons Level 1  
  71  5:03  Zerg Ground Armor Level 1  
  71  5:08  Drone x3  
  74  5:19  Overlord  
  73  5:25  Drone x7  
  80  5:28  Lair  
  80  5:31  Extractor x2  
  80  5:33  Extractor  
  77  5:39  Drone x2  
  77  5:40  Drone  
  81  5:42  Drone  
  81  5:43  Drone x5  
  81  5:47  Overlord  
  81  5:49  Overlord  
  86  5:52  Queen  
  90  5:57  Roach x2  
  90  5:59  Hatchery  
  90  6:03  Roach x3  
  97  6:05  Overlord  
  97  6:09  Roach x3  
  103  6:16  Roach x4  
  111  6:20  Overlord  
  111  6:23  Overlord  
  111  6:26  Roach x3  
  111  6:27  Roach  
  111  6:29  Glial Reconstitution  
  111  6:32  Drone  
  120  6:33  Infestation Pit  
  120  6:37  Overlord x2  
  119  6:40  Ravager x3  
  119  6:42  Roach x2  
  119  6:43  Roach  
  119  6:45  Overlord  
  128  7:03  Zerg Ground Armor Level 2  
  128  7:04  Zerg Melee Weapons Level 1  
  128  7:13  Hive, Pathogen Glands  
  128  7:17  Queen  
  130  7:30  Drone  
  130  7:31  Drone x7  
  130  7:32  Drone, Overlord x2  
  137  7:45  Infestor x4  
  137  7:46  Infestor  
  137  7:48  Overlord x2  
  137  7:49  Zergling x2  
  137  7:50  Spine Crawler, Zergling x16  
  155  7:53  Zergling x2  
  155  7:54  Zergling x6  
  159  7:59  Zergling x2  
  159  8:00  Spore Crawler  
  159  8:02  Zergling x4  
  161  8:06  Queen  
  161  8:09  Zergling x10  
  158  8:13  Queen  
  160  8:27  Extractor x2  
  160  8:28  Adrenal Glands  
  160  8:29  Drone x3  
  160  8:30  Drone x3, Ultralisk Cavern  
  160  8:33  Zergling x14  
  166  8:58  Zerg Melee Weapons Level 2  
  166  9:09  Overlord  
  166  9:10  Overlord  
  166  9:17  Zergling x18  
  166  9:19  Chitinous Plating  
  166  9:23  Ultralisk  
  166  9:24  Ultralisk x2  
  191  9:28  Zerg Ground Armor Level 3  
  191  9:31  Ultralisk  
  182  9:43  Ultralisk  
  180  9:50  Ultralisk  
  146  10:19  Ultralisk x2  
  129  10:30  Zergling x34  
  145  10:44  Hatchery  
  144  10:52  Ultralisk x2  
  156  10:58  Drone x2  
  156  11:00  Drone x3  
  156  11:03  Drone  
  162  11:05  Overseer  
  162  11:06  Overseer  
  162  11:07  Overlord  
  162  11:24  Hatchery, Zerg Melee Weapons Level 3  
  161  11:27  Spore Crawler, Spine Crawler  
  159  11:37  Zergling x14  
  159  11:38  Zergling x6  
  169  11:50  Drone  
  170  11:56  Hatchery, Viper  
  170  11:57  Viper  
  170  12:01  Overlord  
  175  12:02  Overlord  
  175  12:04  Overlord  
  175  12:19  Queen x2  
  175  12:20  Spire  
  178  12:29  Viper x3  
  187  12:49  Queen  
  172  13:02  Hatchery  
  169  13:36  Corruptor x6  
  169  13:38  Zergling x24  
  169  13:39  Zergling x14  
  194  13:48  Zergling x10  
  194  13:49  Zergling x2  
  186  14:08  Zergling x16  
  164  14:18  Zergling x2  
  164  14:19  Zergling x4  
  164  14:23  Ultralisk x2  
  172  14:31  Drone  
  172  14:32  Drone x8  
  171  14:50  Ultralisk x2  
  181  15:09  Hatchery  
  180  15:24  Corruptor x2  
  180  15:27  Spine Crawler  
  183  15:29  Spine Crawler  
  183  15:30  Spore Crawler x2  
  178  15:41  Greater Spire  
  174  15:52  Ultralisk x3  
  174  15:54  Zergling x2  
  174  15:55  Zergling x14  
  194  16:37  Viper  
  174  16:58  Viper x4  
  186  17:04  Corruptor x5  
  196  17:13  Overlord x2  
  196  17:26  Extractor  
  196  17:27  Extractor  
  194  17:34  Corruptor  
  194  17:35  Corruptor x4  
  200  17:48  Corruptor x3  
  200  17:53  Extractor  
  200  17:54  Drone  
  200  18:20  Zerg Flyer Weapons Level 1  
  200  18:39  Hatchery  
  199  19:19  Spine Crawler  
  199  19:20  Spine Crawler  
  199  19:22  Spine Crawler x2  
  187  19:27  Zergling x26  
  199  19:53  Hatchery  
  199  19:59  Zergling x4  
  173  20:14  Zerg Flyer Armor Level 1  
  173  20:21  Ultralisk x6  
  170  20:28  Zergling x36  
  177  20:37  Queen  
  177  20:42  Ultralisk x2  
  191  20:44  Zergling x8  
  195  21:07  Drone x2  
  195  21:08  Baneling Nest  
  196  21:29  Hatchery, Extractor  
Show
View Real Time Build Order
Export as new Build Order

Tom Terran 

Build Orders: MMM Bio 

Get SALT Encoding   

  12  0:01  SCV  
  13  0:13  SCV  
  14  0:17  Supply Depot  
  14  0:25  SCV  
  15  0:39  SCV  
  15  0:40  Barracks  
  16  0:51  SCV  
  17  1:03  SCV  
  18  1:13  Command Center  
  18  1:16  SCV  
  19  1:27  Marine  
  19  1:29  Orbital Command  
  20  1:37  Supply Depot  
  20  1:45  Marine  
  21  1:55  SCV  
  22  2:03  Marine  
  22  2:07  SCV  
  24  2:17  Command Center  
  24  2:19  SCV  
  25  2:24  Marine  
  25  2:25  Orbital Command  
  26  2:31  SCV  
  26  2:35  Barracks  
  27  2:42  Marine  
  27  2:43  SCV  
  29  2:48  Barracks  
  29  2:51  SCV  
  29  2:56  SCV  
  31  3:02  Refinery  
  31  3:03  Refinery, Marine  
  31  3:04  SCV  
  33  3:08  SCV  
  33  3:16  SCV  
  34  3:20  SCV  
  34  3:24  Bunker  
  34  3:25  Marine x2  
  37  3:28  SCV  
  37  3:30  Orbital Command  
  37  3:33  SCV  
  39  3:35  Barracks Tech Lab  
  39  3:41  SCV  
  40  3:42  Marine  
  40  3:43  Marine  
  40  3:44  Supply Depot  
  40  3:45  SCV  
  43  3:50  Refinery  
  43  3:54  SCV  
  44  3:57  SCV, Stimpack, Marine  
  44  3:58  SCV  
  47  4:06  SCV  
  47  4:08  Refinery  
  47  4:09  SCV  
  49  4:10  SCV  
  49  4:12  Factory  
  49  4:14  Marine  
  49  4:15  Marine  
  52  4:17  Barracks Reactor  
  52  4:18  SCV  
  52  4:21  SCV  
  52  4:22  SCV  
  55  4:26  Engineering Bay  
  55  4:27  Engineering Bay  
  55  4:31  SCV  
  56  4:33  SCV  
  56  4:34  SCV  
  58  4:40  Barracks Reactor  
  58  4:43  SCV  
  58  4:45  SCV  
  60  4:46  SCV  
  60  4:47  Barracks  
  60  4:50  Barracks  
  61  4:54  Terran Infantry Weapons Level 1, Terran Infantry Armor Level 1  
  61  4:56  Starport  
  61  4:59  SCV x2, Factory Reactor  
  63  5:05  Orbital Command  
  63  5:08  Supply Depot x2  
  63  5:11  SCV  
  63  5:12  SCV, Marine x2  
  63  5:13  Marine  
  68  5:24  SCV  
  69  5:30  SCV  
  69  5:31  Supply Depot, SCV  
  69  5:33  Supply Depot  
  71  5:36  SCV  
  71  5:38  Barracks  
  71  5:39  Barracks Reactor, Barracks  
  71  5:40  Barracks Reactor, Factory Reactor  
  71  5:41  Medivac x2  
  71  5:42  Barracks  
  75  5:43  SCV  
  75  5:44  SCV  
  77  5:51  SCV  
  77  5:53  Supply Depot  
  77  5:55  SCV  
  77  5:56  Supply Depot, SCV  
  80  5:57  Armory, Marine  
  80  5:58  Marine x2  
  80  6:01  Marine  
  80  6:03  SCV  
  86  6:07  SCV  
  86  6:08  SCV  
  86  6:10  Combat Shields  
  88  6:13  Medivac x2  
  88  6:15  Marine x2  
  88  6:16  Marauder, Marine x2  
  88  6:17  Marine x3  
  100  6:20  Supply Depot  
  100  6:26  Supply Depot  
  100  6:30  Barracks Reactor, Barracks Tech Lab x2  
  102  6:33  Hellion x2  
  102  6:36  Marine x5  
  102  6:37  Marine x2  
  102  6:38  Marauder, Marine  
  114  6:44  Supply Depot  
  114  6:50  Supply Depot  
  114  6:56  Marine x2  
  114  6:57  Marauder x2, Marine  
  114  6:58  Medivac  
  114  6:59  Marauder, Marine x5  
  132  7:07  Supply Depot  
  132  7:11  Terran Infantry Weapons Level 2  
  132  7:14  SCV  
  132  7:15  SCV x2, Refinery  
  134  7:16  Refinery  
  134  7:17  Terran Infantry Armor Level 2  
  134  7:18  Marauder  
  134  7:20  Supply Depot  
  136  7:23  Marine x3, Marauder x2  
  136  7:24  Marine x2  
  136  7:27  Hellbat  
  136  7:28  Hellbat  
  147  7:30  Supply Depot  
  147  7:34  Marine x3  
  150  7:40  Marauder  
  151  7:44  Marine x2, Marauder x2  
  151  7:45  Marine  
  151  7:51  SCV  
  159  7:52  Marine x3  
  159  7:53  Supply Depot  
  159  7:54  Supply Depot, Hellion x2  
  159  7:57  Medivac x2  
  170  8:01  Marauder  
  170  8:03  Marine  
  173  8:10  Marine  
  173  8:14  Marine x2  
  173  8:15  Marine x2, Marauder x2  
  173  8:16  Marine  
  182  8:22  Supply Depot, Marauder  
  182  8:23  Supply Depot  
  184  8:27  Medivac x2  
  184  8:31  Marine x2  
  184  8:33  Marine  
  191  8:34  Command Center  
  191  8:36  Marauder x2  
  191  8:38  Marine  
  191  8:39  Marine  
  197  8:43  Marine  
  197  8:44  Marauder  
  197  8:51  Marine  
  197  8:52  Marine x3  
  197  8:54  Hellbat x2  
  194  8:57  Marauder x2, Medivac  
  200  9:23  Marine x2  
  200  9:30  Terran Infantry Weapons Level 3  
  200  9:35  Marine x2  
  193  9:39  Marine x2  
  193  9:40  Marauder x2  
  193  9:43  Marine x2  
  189  9:46  Marauder, Marine x2  
  189  9:51  Marine x2  
  194  9:54  Marine x2  
  194  9:59  Marine  
  187  10:00  Marine  
  187  10:01  Marauder, Marine x2  
  187  10:02  Hellion, Medivac x2, Hellbat, Marauder  
  187  10:03  Marine  
  187  10:04  Marine  
  189  10:08  Marauder  
  189  10:09  Marine x2  
  147  10:23  Marine  
  147  10:27  Marauder x2, Marine x3  
  147  10:28  Marine  
  151  10:29  Marauder  
  151  10:32  Marine x2  
  151  10:35  Marine  
  155  10:38  Planetary Fortress  
  150  10:43  Ghost Academy  
  150  10:44  Marine  
  150  10:45  Marine x5  
  150  10:46  Widow Mine x2  
  150  10:47  Medivac x2  
  150  10:48  Marauder x2  
  168  10:51  Marauder  
  170  10:58  Marine  
  170  11:03  Marine x2  
  170  11:04  Marine  
  174  11:06  Command Center  
  174  11:07  Marine x3  
  174  11:08  Refinery, Marine  
  182  11:11  Refinery  
  184  11:19  Ghost x3  
  184  11:25  Marine x2  
  186  11:38  Marine x2  
  188  11:47  Ghost  
  188  11:48  Ghost  
  188  11:50  Marine x2  
  197  11:55  Hellion x2  
  197  12:10  Ghost  
  197  12:12  Marine x2  
  197  12:13  Marine  
  199  12:22  Terran Infantry Armor Level 3  
  199  12:23  Starport, Terran Ship Weapons Level 1  
  199  12:25  Starport  
  199  12:28  Marine  
  197  12:45  Marine  
  197  12:49  Ghost x3  
  197  12:50  Marine  
  197  12:51  Marine  
  198  12:53  Marine x3  
  200  13:02  Starport Reactor  
  200  13:03  Starport Reactor  
  200  13:10  Planetary Fortress  
  198  13:16  Marine  
  199  13:20  Marine  
  186  14:09  Liberator x3, Marine  
  132  14:10  Marine x2, Liberator x3  
  132  14:11  Marauder x2  
  127  14:25  Marine x3  
  127  14:26  Marauder  
  127  14:27  Widow Mine x2  
  127  14:28  Marine x2  
  152  14:32  Marauder  
  152  14:33  Marauder  
  152  14:35  Marine x3  
  144  14:41  Marine  
  144  14:42  Marine  
  144  14:43  Marine  
  144  14:44  Marine  
  124  14:47  Marauder  
  124  14:48  Marine x3  
  124  14:52  Liberator x4  
  103  14:53  Marine x3, Liberator x2  
  103  14:54  Marauder x2  
  103  14:59  Marine x2  
  107  15:01  Marine  
  107  15:03  Marine  
  107  15:04  Widow Mine x2  
  107  15:06  Marine x3  
  117  15:08  Marauder  
  117  15:09  Terran Ship Weapons Level 2  
  117  15:10  Marine  
  138  15:15  Marauder x2  
  142  15:24  Command Center, Orbital Command  
  142  15:30  Marauder  
  142  15:35  Marine, Liberator x6  
  143  15:36  Marauder, Marine x2  
  143  15:37  Marauder  
  148  15:51  Marauder  
  168  16:14  Marine x2, Marauder x3  
  168  16:15  Marine  
  170  16:35  Marauder, Medivac x4, Marine x4  
  170  16:36  Marine, Marauder x2  
  170  16:39  Marine  
  174  16:48  Marine  
  174  16:49  Marine  
  174  16:54  Liberator x3  
  167  16:58  Marine  
  167  16:59  Marine  
  167  17:01  Marine x3  
  171  17:02  Marine x2  
  171  17:03  Marine  
  171  17:08  Marine x2  
  175  17:09  Marine, Marauder  
  175  17:10  Marine  
  187  17:16  Marine x2  
  189  17:25  Marine x3  
  189  17:28  Marauder x2, Marine x4  
  200  17:43  Marine x2  
  185  17:46  Marine x3  
  185  17:47  Marauder  
  185  17:49  Marauder x2  
  185  17:51  Marine x2  
  187  17:58  Marine x3  
  190  18:02  Marine x2  
  182  18:13  Marine x2  
  184  18:27  Ghost x3  
  190  18:46  Refinery  
  190  18:47  Refinery  
  190  18:55  Ghost x2  
  190  18:56  Ghost  
  194  19:04  Missile Turret  
  194  19:05  Missile Turret  
  194  19:13  Planetary Fortress  
  194  19:15  Marine x3  
  197  19:19  Marine  
  197  19:21  Marine  
  197  19:24  Marine  
  197  19:26  Marine  
  188  19:41  Marine x3  
  185  20:03  Marine x2  
  178  20:08  Marine  
  108  20:23  Marine x3  
  108  20:24  Marine x2, Marauder x3  
  107  20:36  Marine, Medivac x2  
  112  20:45  Marauder  
  114  20:58  Medivac  
  116  21:05  Marauder  
  116  21:11  Orbital Command  
  116  21:29  Marauder x2  
  120  21:33  Orbital Command  
  120  21:36  Marine  
  120  21:48  Marine x2  
Tags
 
Add a new tag
Caveats
  • Supply blocks, unpowered buildings, or Contaminate may cause inaccurate times.
  • Supply counts are checked every 10 seconds.